 Dungeon Crawl Stone Soup version 0.31.0-32-g396128a36d (webtiles) character file.

Game seed: 15774422956181079178

5603 James the Skirmisher (level 10, -1/86 HPs)
             Began as a Grey Draconian Hunter on Mar 16, 2024.
             Was a High Priest of Zin.
             Slain by a wyvern (11 damage)
             ... summoned by an orange crystal statue
             ... on level 9 of the Dungeon.
             The game lasted 00:29:06 (11614 turns).

James the Skirmisher (Grey Draconian Hunter)       Turns: 11614, Time: 00:29:06

Health: -1/86      AC: 15    Str: 20    XL:     10   Next: 45%
Magic:  15/15      EV: 15    Int:  6    God:    Zin [*****.]
Gold:   382        SH:  5    Dex: 18    Spells: 7/9 levels left

rFire   . . .        b - +4 whip of Uches {speed, Str+6 Int-4}
rCold   . . .        (no shield)
rNeg    . . .        (body armour unavailable)
rPois   .            (helmet restricted)
rElec   .            n - +1 cloak
rCorr   .            (no gloves)
SInv    .            N - +0 pair of boots
Will    .....        A - amulet of reflection
Stlth   ++           (no ring)
HPRegen 0.34/turn    (no ring)
MPRegen 0.14/turn

%: reflection
@: no status effects
A: AC +12, amphibious, unfitting armour, cold-blooded
a: Renounce Religion, Recite, Vitalisation, Imprison, Sanctuary, Donate Gold


You were on level 9 of the Dungeon.
You worshipped Zin.
Zin was extremely pleased with you.
You visited 2 branches of the dungeon, and saw 10 of its levels.

You collected 567 gold pieces.
You spent 129 gold pieces at shops.
You donated 56 gold pieces to Zin.

Inventory:

Hand Weapons
 a - a +1 shortbow
 b - the +4 whip of Uches (weapon) {speed, Str+6 Int-4}
   (You took it off an orc warrior on level 8 of the Dungeon)

   Str+6:     It affects your strength (+6).
   Int-4:     It affects your intelligence (-4).
 e - a +0 glaive
   (You found it on level 1 of the Dungeon)
 g - a +0 sling
   (You found it on level 1 of the Dungeon)
 m - a +0 trident
   (You took it off Robin on level 2 of the Dungeon)
 o - a +0 rapier
   (You found it on level 5 of the Dungeon)
 v - a +0 flail
   (You took it off an orc on level 4 of the Dungeon)
 B - a +3 hand axe
   (You took it off a wight on level 5 of the Dungeon)
 C - a +0 long sword
   (You took it off a wight on level 5 of the Dungeon)
 D - a +0 scimitar
   (You took it off a wight on level 5 of the Dungeon)
 E - a +5 halberd
   (You took it off a wight on level 9 of the Dungeon)
 F - a +0 orcbow
   (You took it off a centaur on level 6 of the Dungeon)
 H - a +0 short sword
   (You took it off a kobold on level 2 of the Dungeon)
 I - a +3 spear
   (You took it off a wight on level 8 of the Dungeon)
 J - a +2 short sword of speed
   (You took it off a kobold brigand on level 7 of the Dungeon)
 L - a +0 trident
   (You took it off an orc on level 8 of the Dungeon)
 M - a +0 dagger of flaming
   (You took it off a kobold on level 6 of the Dungeon)
 P - a +0 great sword
   (You took it off a wight on level 9 of the Dungeon)
 T - a +0 quarterstaff
   (You found it on level 9 of the Dungeon)
Missiles
 f - 3 javelins
 h - 6 boomerangs
 G - 2 curare-tipped darts (quivered) {!f}
Armour
 l - a +0 buckler
   (You found it on level 5 of the Dungeon)
 n - a +1 cloak (worn)
   (You found it on level 3 of the Dungeon)
 N - a +0 pair of boots (worn)
   (You found it on level 4 of the Dungeon)
 O - a +0 plate armour
   (You took it off an orc warrior on level 8 of the Dungeon)
Jewellery
 A - an amulet of reflection (around neck)
   (You found it on level 5 of the Dungeon)
Wands
 u - a wand of paralysis (1)
   (You found it on level 5 of the Dungeon)
 x - a wand of acid (9)
   (You found it on level 8 of the Dungeon)
Scrolls
 c - 2 scrolls of amnesia
 d - a scroll of teleportation {@r4}
 j - a scroll of butterflies
 p - 3 scrolls of enchant weapon
 q - 2 scrolls of poison {!r}
 y - 2 scrolls of silence
 Q - 2 scrolls of revelation {unknown}
 R - a scroll of enchant armour {unknown}
 U - a scroll of fear
Potions
 i - 5 potions of curing {@q1}
 k - a potion of resistance {unknown}
 r - 2 potions of enlightenment
 s - a potion of brilliance {unknown}
 t - a potion of haste {@q3}
 w - a potion of might
 z - 2 potions of heal wounds {@q2}
 K - a potion of mutation {unknown}
 S - 2 potions of invisibility {unknown}


   Skills:
 + Level 7.3 Fighting
 * Level 10.6 Ranged Weapons
 + Level 6.1 Dodging
 - Level 0.8 Stealth
 + Level 7.4 Invocations


You had 7 spell levels left.
You knew the following spells:

 Your Spells              Type           Power      Damage    Failure   Level
b - Blink                 Tloc           0%         N/A       58%         2

Your spell library contained the following spells:

 Spells                   Type           Power      Damage    Failure   Level
 Freeze                   Ice            0%         1d3       45%         1
 Magic Dart               Conj           0%         1d3       45%         1
 Shock                    Conj/Air       0%         1d3       45%         1
 Call Imp                 Summ           0%         N/A       58%         2
 Momentum Strike          Conj/Tloc      0%         3d8       58%         2
 Sublimation of Blood     Necr           0%         N/A       58%         2
 Swiftness                Air            0%         N/A       83%         3
 Airstrike                Air            0%         2d(0-16)  99%         4
 Brom's Barrelling Bould  Conj/Erth      0%         2d3       99%         4
 Fulminant Prism          Conj/Alch      0%         3d5       99%         4
 Petrify                  Alch/Erth      0%         N/A       99%         4
 Irradiate                Conj/Alch      0%         3d11      100%        5


Dungeon Overview and Level Annotations

Branches:
Dungeon (9/15)             Temple (1/1) D:5            Lair (0/5) D:9
    Orc: D:9-12

Altars:
Ashenzari
Cheibriados
Dithmenos
Elyvilon
Fedhas
Gozag
Hepliaklqana
Kikubaaqudgha
Makhleb
Nemelex Xobeh
Qazlal
Ru
Sif Muna
Trog
Uskayaw
Vehumet
Wu Jian
Xom
Yredelemnul
Zin
The Shining One

Shops:
D:9 !*

Annotations:
D:8 1 runed translucent door, exclusion: orange demon
D:9 exclusion: orange crystal statue


Innate Abilities, Weirdness & Mutations

Your dull iron-grey scales are very hard. (AC +12)
You are amphibious.
You cannot fit into any form of body armour.
You are cold-blooded and may be slowed by cold attacks.


Message History

The killer bee closely misses you. The wyvern misses you.
The killer bee misses you.
You shoot an arrow. The arrow barely misses the wyvern.
You feel sick. The killer bee barely misses you. You block the wyvern's attack.
The killer bee closely misses you. The wyvern closely misses you.
You shoot an arrow. The arrow hits the wyvern.
You feel sick. The killer bee closely misses you.
The wyvern closely misses you. The killer bee closely misses you.
You are too injured to fight recklessly!
You are too injured to fight recklessly!
You are too injured to fight recklessly!
You are too injured to fight recklessly!
You are too injured to fight recklessly!
You are too injured to fight recklessly!
Fire: a) +1 shortbow
Press: ? - help, Q - select action, (/) - cycle Shift-Dir - straight line, f/p - wyvern
Aim: a wyvern (heavily wounded, summoned, 70% to hit)
You shoot an arrow.
The arrow hits the wyvern but does no damage.
You feel sick. The killer bee stings you.
* * * LOW HITPOINT WARNING * * *
The wyvern misses you. The killer bee barely misses you. The wyvern bites you!
* * * LOW HITPOINT WARNING * * *
Fire: a) +1 shortbow
Press: ? - help, Q - select action, (/) - cycle Shift-Dir - straight line, f/p - wyvern
Aim: a wyvern (heavily wounded, summoned, 70% to hit)
You shoot an arrow. The arrow barely misses the wyvern.
You feel sick. The killer bee barely misses you.
The wyvern bites you but does no damage.
Fire: a) +1 shortbow
Press: ? - help, Q - select action, (/) - cycle Shift-Dir - straight line, f/p - wyvern
Aim: a wyvern (heavily wounded, summoned, 70% to hit)
You shoot an arrow. The arrow barely misses the wyvern.
You feel sick. You block the killer bee's attack. The wyvern barely misses you.
The killer bee misses you.
You feel stronger.
You feel stupid.
Your hands tingle!
b - the +4 whip of Uches (weapon)
{speed, Str+6 Int-4} The killer bee stings you but does no damage.
The wyvern bites you.
* * * LOW HITPOINT WARNING * * *
You barely miss the wyvern.
You feel sick.
You are no longer poisoned.
The killer bee stings you but does no damage.
The wyvern bites you!
* * * LOW HITPOINT WARNING * * *
You block the killer bee's attack.
You hit the wyvern. The killer bee barely misses you. The wyvern bites you!
You die...

....###)#### #.###. .[8 . ..#
....#....#.###.# #. ..(.. ..#
#.......#......# #.#8...8#..#
.......###....### ..#8.8#...#
......####.#.###.##.......#.#
......###.....#......####...#
.......##....###♣....##...#
.................y......###
...............♣@♣....###
.................k.....#
................♣.>....##
........................#
.......................##
....................).###
............#.##........##
...#.......####.....#....#
...##.....## ##...####.##


You could see a wyvern (summoned) and a killer bee (summoned).

Vanquished Creatures
  Pikel (D:9)
  A cyclops (D:7)
  2 trolls
  A yak (D:8)
  A wraith (D:5)
  2 steam dragons
  3 sky beasts
  An ice beast (D:5)
  An orc warrior (D:8)
  A black bear (D:5)
  3 ogres
  4 centaurs
  A lemure (D:8)
  3 bullfrogs
  2 kobold brigands
  4 scorpions
  12 wights
  5 killer bees (D:7)
  8 howler monkeys
  4 electric eels (D:7)
  A bombardier beetle (D:5)
  2 jellies
  An orc priest (D:9)
  3 hounds
  4 iguanas
  2 sleepcaps
  6 orc wizards
  Natasha (thrice) (D:4)
  Robin (D:2)
  3 gnolls (D:4)
  7 adders
  5 white imps
  2 dart slugs
  2 ribbon worms
  21 orcs
  10 endoplasms
  3 giant cockroaches
  13 goblins
  10 hobgoblins
  12 kobolds
  2 quokkas
  5 ball pythons
  6 bats
  2 frilled lizards
  4 rats
190 creatures vanquished.

Vanquished Creatures (others)
  A kobold (D:6)
1 creature vanquished.

Grand Total: 191 creatures vanquished

Notes
Turn   | Place    | Note
-------+----------+-------------------------------------------
     0 | D:1      | James the Draconian Hunter began the quest for the Orb.
     0 | D:1      | Reached XP level 1. HP: 17/17 MP: 1/1
   160 | D:1      | Reached skill level 4 in Ranged Weapons
   248 | D:1      | Reached XP level 2. HP: 24/24 MP: 2/2
  1123 | D:2      | Reached XP level 3. HP: 25/29 MP: 3/3
  1808 | D:3      | Noticed Robin
  1821 | D:3      | Reached skill level 5 in Ranged Weapons
  1859 | D:2      | Killed Robin
  1860 | D:2      | Reached XP level 4. HP: 20/36 MP: 4/4
  2244 | D:3      | Found a faded altar of an unknown god.
  2267 | D:3      | Got Plato's Quarto of Hoarfrost
  2268 | D:3      | Prayed at the altar of an unknown god.
  2268 | D:3      | Became a worshipper of Zin the Law-Giver
  2268 | D:3      | Reached * piety under Zin
  2268 | D:3      | Reached ** piety under Zin
  2357 | D:3      | Found a snail-covered altar of Cheibriados.
  3047 | D:4      | Got Vucaco's Incunable of Conjuration
  3090 | D:4      | Reached skill level 1 in Invocations
  3090 | D:4      | Reached XP level 5. HP: 38/41 MP: 5/5
  3142 | D:4      | Learned a level 2 spell: Blink
  3296 | D:4      | Reached skill level 6 in Ranged Weapons
  3454 | D:4      | Noticed Natasha
  3461 | D:4      | Killed Natasha
  3498 | D:4      | Noticed Natasha
  3526 | D:4      | Killed Natasha
  3536 | D:4      | Reached *** piety under Zin
  3572 | D:4      | Noticed Natasha
  3577 | D:4      | Killed Natasha
  3578 | D:4      | Reached XP level 6. HP: 48/48 MP: 7/7
  4187 | D:5      | Entered Level 5 of the Dungeon
  4668 | D:5      | Your scales start taking on a dull iron-grey colour.
  4668 | D:5      | Reached XP level 7. HP: 56/56 MP: 9/9
  4691 | D:5      | Noticed a wraith
  4793 | D:5      | Reached skill level 7 in Ranged Weapons
  4822 | D:5      | Killed a wraith
  4935 | D:5      | Reached **** piety under Zin
  5035 | D:5      | Found a staircase to the Ecumenical Temple.
  5040 | Temple   | Entered the Ecumenical Temple
  5253 | D:5      | Reached XP level 8. HP: 56/66 MP: 11/11
  5448 | D:5      | Reached skill level 8 in Ranged Weapons
  5713 | D:6      | Reached ***** piety under Zin
  5737 | D:6      | Reached skill level 5 in Invocations
  5860 | D:6      | Reached skill level 5 in Fighting
  6364 | D:7      | Reached XP level 9. HP: 74/74 MP: 11/13
  6741 | D:7      | Noticed a cyclops
  6750 | D:7      | Noticed a troll
  6752 | D:7      | Killed a cyclops
  6753 | D:7      | Reached skill level 9 in Ranged Weapons
  7215 | D:7      | Reached skill level 5 in Dodging
  7669 | D:7      | Identified the +0 chain mail of a Labyrinth {rPois rN+}
  7995 | D:7      | Killed a troll
  9104 | D:8      | Found a runed translucent door.
  9105 | D:8      | Found a burning altar of Makhleb.
  9105 | D:8      | Noticed a sixfirhy
  9149 | D:8      | Noticed an orange demon
  9703 | D:8      | Reached skill level 10 in Ranged Weapons
 10319 | D:9      | Found Funut's Distillery.
 10327 | D:9      | Reached XP level 10. HP: 84/84 MP: 15/15
 10328 | D:9      | Bought a potion of heal wounds for 65 gold pieces
 10489 | D:9      | Noticed Pikel
 10587 | D:9      | Identified the +4 whip of Uches {speed, Str+6 Int-4}
 10760 | D:9      | Killed Pikel
 10880 | D:9      | Found a staircase to the Lair.
 10994 | D:9      | Found Seshrit's General Store.
 11024 | D:9      | Noticed an orange crystal statue
 11578 | D:9      | Bought a scroll of fear for 64 gold pieces
 11614 | D:9      | Slain by a wyvern

Illustrated notes

Levels and vault maps discovered:
D:1:      roderic_crop_circles_arrival_small, layout_basic
D:2:      layout_basic, st_stairs_11, hangedman_abyss_or_decor_stabs,
          chequers_serial_rivers_micro_a
D:3:      layout_basic, cheibrodos_worm_habitat,
          shapermc_ecumenical_altar_rom_forum, kennysheep_crisscross, uniq_robin
D:4:      layout_layer_cave, serial_rivers, chequers_serial_rivers_micro_b,
          chequers_serial_rivers_small_a, chequers_serial_rivers_marsh,
          chequers_serial_rivers_large_b, chequers_serial_rivers_micro_a,
          chequers_serial_rivers_room_b, hex_large, uniq_natasha
D:5:      minmay_chambers_of_fours, layout_basic, temple_doors_e
D:6:      layout_rooms, serial_corexii_hall, chequers_hall_statues_wall_a,
          corexii_hall_statues_i
D:7:      minmay_cornered_nines, layout_basic, serial_bayou_lagoon_b
D:8:      layout_layer_cave, nzn_makhleb_speed_demon, uniq_amaemon
D:9:      layout_cross, dpeg_oklobed_lair, serial_shops, nicolae_shop_trees,
          st_stairs_9, nicolae_stop_n_shop_1, minmay_statue_bubble, uniq_pikel
Temple:   hellmonk_temple_of_storms

Skill      XL: |  1  2  3  4  5  6  7  8  9 10 |
---------------+-------------------------------+-----
Ranged Weapons | 4 5 6 7 8 10 | 10.6
Invocations    | 1 2 3 4 5 6 7 |  7.4
Dodging        | 2 3 4 5 6 |  6.1
Fighting       | 3 5 6 7 |  7.3
Stealth        | |  0.8

Action                     |  1- 3 |  4- 6 |  7- 9 | 10-12 || total
---------------------------+-------+-------+-------+-------++-------
  Melee: Flail             |       |     1 |       |       ||     1
         Dagger            |       |       |    38 |       ||    38
         Tailslap          |       |       |     6 |     2 ||     8
         Whip              |       |       |       |    15 ||    15
   Fire: Shortbow          |   119 |   208 |   477 |   211 ||  1015
  Throw: Dart              |       |       |     2 |       ||     2
 Invoke: Vitalisation      |       |       |     2 |       ||     2
  Evoke: Wand              |       |       |     7 |       ||     7
    Use: Scroll            |       |    10 |     2 |     3 ||    15
         Potion            |       |       |     2 |       ||     2
 Armour: Skin              |    46 |    64 |   207 |   113 ||   430
  Dodge: Dodged            |    43 |    50 |   220 |   125 ||   438
  Block: Other             |       |       |    49 |    39 ||    88
         Reflection        |       |       |     5 |     1 ||     6
